 Dungeon Crawl Stone Soup version 0.30-a0-782-ge64f9170bb (webtiles) character file.

Game seed: 10332978184158826365

524821 Mgcat the Impregnable (level 24, -4/224 (226) HPs)
             Began as an Armataur Fighter on Feb 20, 2023.
             Was the Champion of Makhleb.
             Constricted to death by a tentacled monstrosity (9 damage)
             ... on level 5 of the Vaults.
             The game lasted 01:11:55 (45767 turns).

Mgcat the Impregnable (Armataur Fighter)           Turns: 45767, Time: 01:11:56

HP:   -4/224 (226)  AC: 47    Str: 45    XL:     24   Next: 76%
MP:   0/36          EV:  9    Int: 10    God:    Makhleb [******]
Gold: 1602          SH: 28    Dex: 15    Spells: 23/23 levels left

rFire   + . .      SeeInvis +    A - +16 obsidian axe {drain, demonic, Mesm Drain Fly SInv}
rCold   + + .      Faith    .    F - +2 tower shield {rC+}
rNeg    + . .      Spirit   .    K - +7 gold dragon scales
rPois   +          Reflect  +    X - +0 hat of Gonuiho {rElec rCorr Str+2 Dex-3}
rElec   +          Harm     .    P - +2 cloak of Hepliaklqana's Fury {Slay+2}
rCorr   +          Roll     +    a - +2 pair of gloves {infuse}
Will    .....                    o - +3 barding "Fytixuom" {Str+4} Stlth
                                 t - amulet of reflection
HPRegen 0.57/turn                U - ring "Zozuack" {Drain EV+5 Str+6}
MPRegen 0.25/turn                n - ring of the Hippo {rN+ rCorr Str+3 Dex+6}

@: weak-willed, marked, flying, mesmerised, slowed, constricted, studying 2
skills, lightly drained, very slow
A: large, rugged brown scales 3, deformed body, armoured tail, roll, long
tongue, awkward tongue, mutation resistance 1
}: 2/15 runes: barnacled, gossamer
a: Renounce Religion, Minor Destruction, Lesser Servant of Makhleb, Major
Destruction, Greater Servant of Makhleb


You were on level 5 of the Vaults.
You worshipped Makhleb.
Makhleb was exalted by your worship.
You visited 8 branches of the dungeon, and saw 40 of its levels.
You also visited: Ice Cave and Desolation.

You collected 5243 gold pieces.
You spent 3641 gold pieces at shops.

Inventory:

Hand Weapons
 A - the +16 obsidian axe (weapon) {drain, demonic, Mesm Drain Fly SInv}
   (You found it on level 10 of the Dungeon)

   Mesm:      Its wielder is mesmerised by any visible foes, and it cannot be
   unequipped while any foes are visible.
   SInv:      It lets you see invisible.
   Fly:       It grants you flight.
   Drain:     It drains your maximum health when unequipped.
 J - a +8 broad axe of electrocution
   (You took it off a meliai on level 4 of the Spider Nest)
Armour
 a - a +2 pair of gloves of infusion (worn)
   (You found it in the Desolation of Salt)
 o - the +3 barding "Fytixuom" (worn) {Str+4}
   (You acquired it on level 1 of the Lair of Beasts)

   Str:       It affects your strength (+4).
 F - a +2 tower shield of cold resistance (worn)
   (You found it in an ice cave)
 K - +7 gold dragon scales (worn)
   (You bought it in a shop on level 2 of the Orcish Mines)
 P - the +2 cloak of Hepliaklqana's Fury (worn) {Slay+2}
   (You found it on level 12 of the Dungeon)

   Slay:      It affects your accuracy & damage with ranged weapons and melee
   (+2).
 X - the +0 hat of Gonuiho (worn) {rElec rCorr Str+2 Dex-3}
   (You found it on level 4 of the Spider Nest)

   Str:       It affects your strength (+2).
   Dex:       It affects your dexterity (-3).
   rElec:     It insulates you from electricity.
   rCorr:     It protects you from acid and corrosion.
Jewellery
 n - the ring of the Hippo (right hand) {rN+ rCorr Str+3 Dex+6}
   (You found it on level 1 of the Shoals)

   [ring of dexterity]

   Str:       It affects your strength (+3).
   Dex:       It affects your dexterity (+6).
   rN:        It protects you from negative energy.
   rCorr:     It protects you from acid and corrosion.
 t - an amulet of reflection (around neck)
   (You found it on level 9 of the Dungeon)
 U - the ring "Zozuack" (left hand) {Drain EV+5 Str+6}
   (You found it in the Desolation of Salt)

   [ring of evasion]

   EV:        It affects your evasion (+5).
   Str:       It affects your strength (+6).
   Drain:     It drains your maximum health when unequipped.
Wands
 e - a wand of polymorph (14)
   (You found it on level 6 of the Dungeon)
 g - a wand of quicksilver (38)
   (You found it on level 6 of the Dungeon)
 i - a wand of mindburst (18)
   (You found it on level 2 of the Shoals)
 m - a wand of flame (66)
   (You found it on level 7 of the Dungeon)
 x - a wand of iceblast (11)
   (You found it on level 1 of the Lair of Beasts)
 C - a wand of digging (16)
   (You found it on level 3 of the Lair of Beasts)
 L - a wand of paralysis (12)
   (You found it on level 5 of the Lair of Beasts)
Scrolls
 b - 11 scrolls of teleportation
 p - a scroll of torment {!r}
 q - 5 scrolls of magic mapping {!r}
 s - 2 scrolls of silence
 u - 21 scrolls of identify
 v - 6 scrolls of blinking {!r}
 w - 4 scrolls of butterflies
 E - 5 scrolls of fear
 H - 6 scrolls of fog
 M - 2 scrolls of brand weapon
 T - 3 scrolls of poison
Potions
 c - 3 potions of invisibility
 d - 10 potions of brilliance
 f - 3 potions of cancellation
 h - 2 potions of magic
 k - 12 potions of curing
 l - 5 potions of haste
 r - 2 potions of might
 B - 2 potions of flight
 D - 3 potions of resistance
 N - 6 potions of mutation {!q}
 O - 7 potions of heal wounds
 R - 3 potions of berserk rage {!q}
 Y - 6 potions of ambrosia
Miscellaneous
 z - a piece from Xom's chessboard (15/15)
   (You found it in the Desolation of Salt)
 G - a phial of floods
   (You found it on level 3 of the Lair of Beasts)
 I - a lightning rod (4/4)
   (You found it in an ice cave)
 Q - a phantom mirror
   (You found it on level 13 of the Dungeon)
 S - a box of beasts
   (You found it on level 4 of the Shoals)
 W - a condenser vane
   (You found it on level 2 of the Depths)


   Skills:
 + Level 16.4 Fighting
 * Level 20.9 Axes
 + Level 22.8 Armour
 + Level 7.1 Dodging
 + Level 19.2 Shields
 + Level 18.5 Invocations
 + Level 15.3 Evocations


You had 23 spell levels left.
You didn't know any spells.
Your spell library contained the following spells:

 Spells                   Type           Power      Damage    Failure   Level
 Apportation              Tloc           0%         N/A       96%         1
 Beastly Appendage        Tmut           0%         N/A       96%         1
 Freeze                   Ice            0%         1d3       96%         1
 Kiss of Death            Conj/Necr      0%         2d5       96%         1
 Magic Dart               Conj           0%         1d3       96%         1
 Necrotise                Necr           0%         1d4       96%         1
 Sandblast                Erth           0%         2d4       96%         1
 Sting                    Tmut/Pois      0%         1d3       96%         1
 Summon Small Mammal      Summ           0%         N/A       96%         1
 Blink                    Tloc           0%         N/A       99%         2
 Call Imp                 Summ           0%         N/A       99%         2
 Cigotuvi's Dreadful Rot  Necr/Pois/Air  0%         N/A       99%         2
 Passwall                 Tmut/Erth      0%         N/A       99%         2
 Poisonous Vapours        Pois/Air       0%         N/A       99%         2
 Searing Ray              Conj           0%         2d4       99%         2
 Static Discharge         Conj/Air       0%         2-2/arc   99%         2
 Wereblood                Tmut           0%         N/A       99%         2
 Call Canine Familiar     Summ           0%         N/A       100%        3
 Frozen Ramparts          Ice            0%         1d1       100%        3
 Hailstorm                Conj/Ice       0%         3d3       100%        3
 Ignite Poison            Fire/Tmut/Pois 0%         N/A       100%        3
 Inner Flame              Hex/Fire       0%         N/A       100%        3
 Kindle Blastsparks       Fire/Tloc/Air  0%         2d10      100%        3
 Mephitic Cloud           Conj/Pois/Air  0%         N/A       100%        3
 Ozocubu's Armour         Ice            0%         N/A       100%        3
 Spider Form              Tmut/Pois      0%         N/A       100%        3
 Stone Arrow              Conj/Erth      0%         3d7       100%        3
 Summon Guardian Golem    Hex/Summ       0%         N/A       100%        3
 Tukima's Dance           Hex            0%         N/A       100%        3
 Vhi's Electric Charge    Tloc/Air       0%         N/A       100%        3
 Airstrike                Air            0%         2d(0-16)  100%        4
 Anguish                  Hex/Necr       0%         N/A       100%        4
 Ice Form                 Ice/Tmut       0%         N/A       100%        4
 Leda's Liquefaction      Hex/Erth       0%         N/A       100%        4
 Manifold Assault         Tloc           0%         N/A       100%        4
 Olgreb's Toxic Radiance  Pois           0%         N/A       100%        4
 Petrify                  Tmut/Erth      0%         N/A       100%        4
 Summon Ice Beast         Ice/Summ       0%         N/A       100%        4
 Summon Lightning Spire   Summ/Air       0%         N/A       100%        4
 Alistair's Intoxication  Tmut/Pois      0%         N/A       100%        5
 Arcjolt                  Conj/Air       0%         1d10      100%        5
 Blade Hands              Tmut           0%         N/A       100%        5
 Borgnjor's Vile Clutch   Necr/Erth      0%         N/A       100%        5
 Fireball                 Conj/Fire      0%         3d3       100%        5
 Freezing Cloud           Conj/Ice/Air   0%         6-21      100%        5
 Irradiate                Conj/Tmut      0%         3d11      100%        5
 Iskenderun's Battlesphe  Conj           0%         2d6       100%        5
 Lee's Rapid Deconstruct  Erth           0%         3d4*      100%        5
 Lightning Bolt           Conj/Air       0%         1d11      100%        5
 Metabolic Englaciation   Hex/Ice        0%         N/A       100%        5
 Summon Mana Viper        Hex/Summ       0%         N/A       100%        5
 Conjure Ball Lightning   Conj/Air       0%         3x3d6     100%        6
 Eringya's Noxious Bog    Tmut/Pois      0%         N/A       100%        6
 Simulacrum               Ice/Necr       0%         N/A       100%        6
 Statue Form              Tmut/Erth      0%         N/A       100%        6
 Dragon Form              Tmut           0%         N/A       100%        7
 Orb of Destruction       Conj           0%         9d5       100%        7
 Ozocubu's Refrigeration  Ice            0%         4d7       100%        7
 Spellforged Servitor     Conj/Summ      0%         N/A       100%        7
 Storm Form               Tmut/Air       0%         N/A       100%        7
 Summon Horrible Things   Summ           0%         N/A       100%        8


Dungeon Overview and Level Annotations

Branches:
Dungeon (15/15)            Temple (1/1) D:5            Lair (5/5) D:9
 Shoals (4/4) Lair:3       Spider (4/4) Lair:2        Slime (0/5) Lair:5
    Orc (2/2) D:11            Elf (0/3) Orc:2        Vaults (5/5) D:13
  Crypt (0/3) Vaults:2     Depths (4/4) D:15            Zot (0/5) Depths:4
  IceCv (visited)         Desolation (visited)

Altars:
Ashenzari
Cheibriados
Dithmenos
Elyvilon
Fedhas
Gozag
Hepliaklqana
Kikubaaqudgha
Makhleb
Nemelex Xobeh
Okawaru
Qazlal
Ru
Sif Muna
Trog
Uskayaw
Vehumet
Wu Jian
Xom
Yredelemnul
Zin
The Shining One
Jiyva

Shops:
D:1 !   D:3 *!   D:4 *   D:6 *   D:7 =   Orc:2 [([(   Shoals:1 *   Shoals:3 !
Vaults:1 *   Vaults:3 [   Depths:1 ((

Portals:
Hell: Depths:1 Depths:2 Depths:3 Depths:4
Abyss: Depths:3
Pandemonium: Depths:2 Depths:3 Depths:4
Ziggurat: Depths:1
Trove: D:15 (show abyssal rune of Zot)

Annotations:
D:11 3 runed translucent doors, hackum's ghost, journeyman FoFi
Shoals:2 3 runed translucent doors, Tiucw's ghost, adept BaCj; Wusuin's ghost, adept MiBe; Xeucuol's ghost, adept MiFi
Vaults:5 Sojobo
Depths:1 1 runed translucent door, Flugkiller's ghost, adept DrWr
Depths:3 1 runed translucent door, Sesmit's ghost, veteran DjCj


Innate Abilities, Weirdness & Mutations

You are completely covered in rugged brown scales. (AC +3, +7% HP)
Armour fits poorly on your strangely shaped body.
You have a long armoured tail.
You roll when moving toward enemies. (Rampage)
Your long tongue fully drains potion bottles. (2x potion effects)
Your tongue gives you trouble enunciating. (1.5x scroll delay)
You are somewhat resistant to further mutation.


Message History

* * * LOW HITPOINT WARNING * * *
The tentacled monstrosity constricts you.
The fire giant hits you but does no damage.
The vault guard hits you but does no damage.
You can move again.
Unknown command.
Unknown command.
Unknown command.
Unknown command.
Unknown command.
Unknown command.
You take 126 damage, and have 10/226 hp.
MASSIVE DAMAGE!!
PANIC x20: tentacled monstrosity, yaktaur (drained), jumping spider shaped shifter, tengu reaver, frost giant, Sojobo (strong, repels missiles), yaktaur captain, dread lich (fast, invisible), yaktaur x6, fire giant (drained), titan (drained), vault warden (mesmerising, drained), deep elf annihilator, vault sentinel x2!
Unknown command.
Lua error: [string "/dgldir/rcfiles/crawl-git/Mgcat.rc"]:941: invalid capture index Unknown command.
Lua error: [string "/dgldir/rcfiles/crawl-git/Mgcat.rc"]:941: invalid capture index Unknown command.
Lua error: [string "/dgldir/rcfiles/crawl-git/Mgcat.rc"]:941: invalid capture index You slash the vault warden!
You tail-slap the vault warden.
The vault warden is almost dead.
You slice the titan!! You completely miss the dread lich.
You barely miss the fire giant. You slice the tentacled monstrosity!!
You barely miss the vault guard. You hit the vault guard.
You closely miss the vault guard.
Visions of slaying the dread lich flood into your mind.
The dread lich touches you but does no damage.
The vault guard hits you but does no damage.
You block the vault warden's attack.
You block the tentacled monstrosity's attack.
The tentacled monstrosity tentacle-slaps you but does no damage.
The tentacled monstrosity barely misses you.
The tentacled monstrosity constricts you!
* * * LOW HITPOINT WARNING * * *
The vault sentinel blows a loud note on a signal horn!
You block the fire giant's attack. The titan hits you.
* * * LOW HITPOINT WARNING * * *
You block the vault guard's attack.
The dread lich touches you but does no damage.
The vault guard hits you but does no damage.
Unknown command.
You take 8 damage, and have 2/226 hp.
You now have 0/36 mp.
PANIC x20: tentacled monstrosity, yaktaur (drained), jumping spider shaped shifter, vault sentinel (catching breath), tengu reaver, frost giant, Sojobo (strong, repels missiles), yaktaur captain, vault warden (drained), yaktaur x6, fire giant (drained), titan (drained), deep elf annihilator, dread lich (mesmerising, fast, invisible), vault sentinel!
Unknown command.
Lua error: [string "/dgldir/rcfiles/crawl-git/Mgcat.rc"]:941: invalid capture index Unknown command.
Lua error: [string "/dgldir/rcfiles/crawl-git/Mgcat.rc"]:941: invalid capture index Unknown command.
Lua error: [string "/dgldir/rcfiles/crawl-git/Mgcat.rc"]:941: invalid capture index Unknown command.
PANIC x20: tentacled monstrosity, yaktaur (drained), jumping spider shaped shifter, vault sentinel (catching breath), tengu reaver, frost giant, Sojobo (strong, repels missiles), yaktaur captain, vault warden (drained), yaktaur x6, fire giant (drained), titan (drained), deep elf annihilator, dread lich (mesmerising, fast, invisible), vault sentinel!
Unknown command.
Lua error: [string "/dgldir/rcfiles/crawl-git/Mgcat.rc"]:941: invalid capture index Unknown command.
Lua error: [string "/dgldir/rcfiles/crawl-git/Mgcat.rc"]:941: invalid capture index Unknown command.
Lua error: [string "/dgldir/rcfiles/crawl-git/Mgcat.rc"]:941: invalid capture index Unknown command.
PANIC x20: tentacled monstrosity, yaktaur (drained), jumping spider shaped shifter, vault sentinel (catching breath), tengu reaver, frost giant, Sojobo (strong, repels missiles), yaktaur captain, vault warden (drained), yaktaur x6, fire giant (drained), titan (drained), deep elf annihilator, dread lich (mesmerising, fast, invisible), vault sentinel!
Unknown command.
Lua error: [string "/dgldir/rcfiles/crawl-git/Mgcat.rc"]:941: invalid capture index You slash the vault warden!
You drain the vault warden. You open a gate to Pandemonium!
Nothing appears to happen.
You kill the vault warden!
Makhleb accepts your kill.
You feel better.
You hit the vault guard. You drain the vault guard. You hit the vault guard.
You drain the vault guard. You hit the titan. You slice the dread lich!!
You slice the fire giant!! You drain the fire giant.
You slash the tentacled monstrosity! You slash the vault guard!
You drain the vault guard. You open a gate to Pandemonium!
A demon appears!
Visions of slaying the vault guard flood into your mind.
The jumping spider changes into a mana viper!
The sea snake changes into a slime creature!
The dread lich touches you.
* * * LOW HITPOINT WARNING * * *
You partially resist.
You feel drained.
The vault guard hits your neqoxec with a +0 vampiric long sword!!
You block the vault guard's attack.
The tentacled monstrosity tentacle-slaps you but does no damage.
You block the tentacled monstrosity's attack.
The tentacled monstrosity tentacle-slaps you but does no damage.
The tentacled monstrosity constricts you.
The ironbound convoker points at the vault guard and mumbles some strange words.
The vault guard seems to grow stronger.
You block the fire giant's attack.
The vault guard hits your neqoxec with a +0 great mace!!
Your neqoxec dies!
Your neqoxec disappears in a puff of smoke!
The titan hits you but does no damage.
The vault guard hits you but does no damage. x2
The deep elf annihilator mumbles some strange words.
The deep elf annihilator blinks!
The vault guard hits you from afar with a +0 bardiche!
* * * LOW HITPOINT WARNING * * *
The dread lich mumbles some strange words.
The tentacled monstrosity tentacle-slaps you but does no damage.
You block the tentacled monstrosity's attack.
The tentacled monstrosity barely misses you.
The tentacled monstrosity constricts you!
You die...

############.)..#
..........†..)).#
..........)))#).#
.......)).[.)#..#
......)[)....#.)#
'#...p)))...#..#
#..Soccp...#..#
#.WppCCp...#..#
###Cp@Qpp..#..#
#EpLXEp..#..#
#cpppcQ..#..#
#2cEc.c..#..#
#..cG.J..#..#
#####....#..#
..e.#..# ....#..#
#..#


You could see Sojobo (strong, repels missiles), a tentacled monstrosity, a titan
(drained), a dread lich (fast, invisible), a frost giant, a fire giant
(drained), a tengu reaver, a yaktaur captain, 10 vault guards, a deep elf
annihilator, a blizzard demon (summoned), a slime creature shaped shifter, a
shadow wraith (invisible), 2 vault sentinels, an ironbound convoker, a mana
viper shaped shifter, 7 yaktaurs, 3 air elementals, an orc warrior and a
floating eye shaped shifter.

Vanquished Creatures
  Bai Suzhen (Spider:4)
  A caustic shrike (Depths:2)
  The ghost of Sphara the Tortoise, an adept DsHW of Gozag (Shoals:4)
  2 golden dragons
  Nikola (Spider:3)
  A bone dragon (Depths:4)
  Jory (Vaults:4)
  Arachne (Spider:3)
  Jorgrun (D:14)
  Rupert (Lair:4)
  Mlioglotl (Spider:3)
  2 titans (Vaults:5)
  2 tentacled monstrosities
  Zenata (Vaults:3)
  2 liches
  A quicksilver dragon (Vaults:5)
  4 krakens
  The ghost of Toahuek the Eclecticist, an adept DjFE of Makhleb (Spider:3)
  2 sphinxes
  4 shadow dragons
  2 storm dragons
  3 tengu reavers
  Donald (Shoals:3)
  A fenstrider witch (shapeshifter) (Vaults:5)
  2 deep elf sorcerers (Vaults:5)
  8 fire giants
  Louise (Spider:4)
  13 vault wardens
  7 frost giants
  2 emperor scorpions
  3 iron dragons (Vaults:5)
  3 imperial myrmidons (Desolation)
  3 ghost moths (Spider:3)
  A cacodemon (Depths:4)
  A draconian stormcaller (Depths:4)
  20 ironbound preservers
  An orc warlord (Vaults:3)
  17 very ugly things
  8 spriggan defenders
  5 war gargoyles
  2 broodmothers (Spider:3)
  8 stone giants
  A green draconian (Depths:4)
  Nessos (Lair:4)
  3 vampire knights
  7 ironbound thunderhulks
  12 dire elephants
  A black draconian (Depths:4)
  A deep elf annihilator (Vaults:5)
  9 spark wasps
  A yellow draconian (Depths:4)
  Snorg (D:14)
  7 ettins
  6 jiangshi
  2 crystal guardians
  2 blizzard demons (D:15)
  4 deep elf death magi
  5 merfolk impalers
  5 fire dragons
  8 great orbs of eyes
  7 merfolk javelineers
  A rakshasa (Depths:3)
  4 entropy weavers (Spider:4)
  8 ragged hierophants (Desolation)
  21 vault guards
  2 spriggan zombies (Depths:2)
  17 yaktaur captains
  A great orb of eyes (shapeshifter) (Vaults:5)
  4 servants of whispers (Desolation)
  2 jorogumos (Spider:3)
  7 ice dragons
  4 merfolk avatars
  4 spriggan air magi
  14 peacekeepers
  9 ironbound frosthearts
  A death knight (D:15)
  11 centaur warriors
  2 radroaches
  10 boulder beetles
  3 two-headed ogres
  4 hydras
  2 alligator snapping turtles
  2 satyrs
  7 deep troll shamans
  12 tengu warriors
  A death scarab (Spider:3)
  3 merfolk aquamancers (Shoals:4)
  11 deep troll earth magi
  9 death yaks
  A spectral dire elephant (Lair:5)
  An orc high priest (Orc:2)
  3 vampire magi
  6 hell knights (Depths:2)
  A soul eater (Depths:2)
  Sonja (Orc:1)
  8 pharaoh ants
  2 spriggan berserkers
  3 storm dragon zombies (Depths:2)
  2 sun demons (Depths:2)
  A sixfirhy (Depths:2)
  4 iron trolls
  A spectral anaconda (Lair:5)
  5 skysharks
  A sun moth (Spider:3)
  3 golden dragon zombies (Depths:2)
  2 spark wasp zombies (Depths:2)
  4 glowing orange brains
  6 orb spiders
  98 deep trolls
  A flayed ghost (Depths:2)
  A deep troll (shapeshifter) (Vaults:5)
  9 sea snakes
  11 steelbarb worms
  31 harpies
  A tengu zombie (Depths:2)
  5 wizards
  A swamp dragon (shapeshifter) (Depths:4)
  4 phantasmal warriors (Vaults:5)
  A shadow dragon zombie (Depths:2)
  An obsidian statue (Lair:5)
  17 ironbound convokers
  2 deep elf pyromancers (D:15)
  7 necromancers
  15 lindwurms
  2 sphinx zombies (Depths:2)
  6 frost giant zombies (Depths:2)
  26 ugly things
  A wolf spider (shapeshifter) (Vaults:5)
  5 orc sorcerers
  8 wolf spiders
  7 cyclopes
  A fire giant zombie (Depths:2)
  8 fauns
  13 manticores
  7 elephants
  A water nymph (Shoals:1)
  An ice statue (IceCv)
  7 merfolk sirens
  Joseph (D:7)
  A guardian serpent (Desolation)
  2 rust devils
  A dire elephant zombie (Lair:5)
  3 moths of wrath (Spider:2)
  A water nymph (shapeshifter) (Vaults:3)
  6 demonic crawlers
  18 vault sentinels
  A molten gargoyle (Desolation)
  An eye of devastation (Lair:5)
  4 torpor snails
  A black mamba (Lair:1)
  A smoke demon (Depths:4)
  6 rime drakes
  10 cane toads
  2 unseen horrors
  A gargoyle (D:14)
  45 yaktaurs
  5 ice devils (D:15)
  A kobold demonologist (D:10)
  A tengu conjurer (Depths:2)
  An efreet (D:15)
  2 freezing wraiths (D:15)
  7 komodo dragons
  6 trolls
  A hellwing (Depths:2)
  12 polar bears (IceCv)
  4 meliai
  4 hornets
  8 wind drakes
  55 saltlings (Desolation)
  8 tarantellas
  35 merfolk
  A dream sheep (shapeshifter) (Depths:2)
  10 snapping turtles
  Grinder (D:4)
  2 spectral elephants (Lair:5)
  17 dream sheep
  A centaur simulacrum (D:15)
  18 blink frogs
  16 jumping spiders
  A shapeshifter (Vaults:1)
  14 culicivoras
  20 slime creatures
  4 spriggans
  7 water elementals
  34 yaks
  5 wyverns
  5 shadows
  2 basilisks
  2 wraiths (D:13)
  A hog (Spider:4)
  2 death yak simulacra (Lair:5)
  5 vampire mosquitoes
  29 redbacks
  Menkaure (D:7)
  3 chaos spawn
  A neqoxec (Depths:2)
  2 steam dragons
  Edmund (D:4)
  A warg (Orc:2)
  A spectral cane toad (Lair:5)
  An acid dragon (D:9)
  A glowing shapeshifter skeleton (Vaults:2)
  14 water moccasins
  2 floating eyes
  An ice beast (D:5)
  A black bear (Lair:1)
  15 orc warriors
  4 ogres
  20 wolves
  13 boggarts
  19 centaurs
  A phantom (D:6)
  6 kobold brigands
  Blork the orc (D:4)
  14 bullfrogs
  A human zombie (Vaults:2)
  4 gnoll sergeants
  7 scorpions
  3 cane toad simulacra (Lair:5)
  A glowing shapeshifter simulacrum (Vaults:2)
  2 human skeletons (Vaults:2)
  2 necrophages
  An elephant simulacrum (Lair:5)
  13 killer bees
  An electric eel (Lair:1)
  8 howler monkeys
  4 hounds
  11 orc priests
  A gnoll bouda (D:10)
  3 iguanas
  22 orc wizards
  Robin (D:3)
  20 gnolls
  4 adders
  2 white imps
  4 dart slugs
  3 worms
  30 orcs
  4 bats
  4 endoplasms
  3 giant cockroaches
  14 goblins
  8 hobgoblins
  2 jackals (D:3)
  32 kobolds
  A quokka (D:3)
  6 ball pythons
  3 frilled lizards
  4 rats
  A butterfly (Lair:5)
  8 tentacles
  A withered plant (Lair:5)
1569 creatures vanquished.

Vanquished Creatures (collateral kills)
  A juggernaut (Depths:2)
  A lich (Depths:3)
  2 tengu reavers
  Kirke (Spider:4)
  Roxanne (Spider:4)
  An emperor scorpion (Spider:4)
  A deep elf sorcerer (Vaults:5)
  2 vault wardens
  A frost giant (Vaults:5)
  A juggernaut zombie (Depths:2)
  3 ghost moths (Spider:4)
  A draconian shifter (Depths:4)
  5 ironbound preservers
  A spriggan defender (Depths:3)
  4 very ugly things
  A stone giant (Depths:2)
  A war gargoyle (Vaults:4)
  An ironbound thunderhulk (Vaults:4)
  A red draconian (Depths:4)
  3 dire elephants
  A spark wasp (Spider:4)
  2 halazid warlocks (Desolation)
  A merfolk impaler (Shoals:4)
  A merfolk javelineer (Shoals:4)
  An entropy weaver (Spider:4)
  A quicksilver dragon zombie (Depths:2)
  5 yaktaur captains
  2 ice dragons
  2 great orbs of eyes (Vaults:3)
  A ragged hierophant (Desolation)
  2 vault guards (Vaults:5)
  A hell beast (Depths:2)
  3 servants of whispers (Desolation)
  A hydra (D:14)
  2 peacekeepers (Desolation)
  2 spriggan air magi (Depths:3)
  A radroach (Spider:4)
  3 boulder beetles
  2 deep troll earth magi
  A tengu warrior (D:13)
  7 death yaks
  A spriggan berserker (Depths:4)
  4 hell knights (Depths:2)
  A sun moth (Spider:4)
  3 sea snakes
  A skyshark (shapeshifter) (Vaults:5)
  A flayed ghost (Depths:2)
  9 deep trolls
  An ironbound convoker (Vaults:1)
  2 necromancers
  A phantasmal warrior (Vaults:5)
  2 harpies
  2 steelbarb worms (Spider:4)
  3 wolf spiders
  An orc sorcerer (Orc:2)
  6 elephants
  A cyclops (Shoals:1)
  2 fauns
  4 ugly things
  A black mamba (Lair:5)
  5 vault sentinels
  8 slime creatures
  3 demonic crawlers (Spider:4)
  A cane toad (Lair:3)
  5 torpor snails (Spider:4)
  2 komodo dragons (Lair:3)
  3 rime drakes
  2 yaktaurs (Vaults:1)
  3 tengu conjurers
  5 polar bears
  7 merfolk
  3 tarantellas
  3 meliai (Spider:4)
  A hornet (Depths:4)
  6 saltlings (Desolation)
  7 blink frogs
  2 snapping turtles
  2 dream sheep (Lair:5)
  2 jumping spiders
  2 culicivoras
  A spriggan (Depths:4)
  4 yaks
  2 water elementals (Depths:2)
  A human (D:11)
  3 hogs (Spider:4)
  5 redbacks
  2 basilisks
  A spectral cane toad (Lair:5)
  A glowing shapeshifter zombie (Depths:2)
  2 water moccasins
  4 orc warriors
  An ogre (Orc:2)
  2 wolves (IceCv)
  3 boggarts (Vaults:2)
  A bullfrog (Lair:3)
  2 elephant simulacra (Lair:5)
  A crimson imp (D:11)
  5 orc priests
  7 orc wizards
  5 orcs
  A giant cockroach (Lair:2)
  A butterfly (Lair:5)
  A tentacle (Shoals:1)
249 creatures vanquished.

Vanquished Creatures (others)
  A shadow dragon (Depths:4)
  A vault guard (Vaults:5)
  A jorogumo (Spider:3)
  A human (Spider:4)
  A redback (Spider:3)
  An orc priest (Orc:2)
  An orc wizard (D:10)
  2 kobolds (D:10)
  14 fungi
  47 plants
  2 starspawn tentacles (Spider:3)
  13 tentacles
  27 withered plants
112 creatures vanquished.

Grand Total: 1930 creatures vanquished

Notes
Turn   | Place    | Note
-------+----------+-------------------------------------------
     0 | D:1      | Mgcat the Armataur Fighter began the quest for the Orb.
     0 | D:1      | Reached XP level 1. HP: 19/19 MP: 1/1
    95 | D:1      | HP: 4/19 [kobold/+2 dagger of electrocution (1)]
    97 | D:1      | HP: 1/19 [kobold/+2 dagger of electrocution (3)]
   321 | D:1      | Reached XP level 2. HP: 21/26 MP: 2/2
   362 | D:1      | Found Ipiahu's Distillery.
   385 | D:1      | Reached skill level 2 in Axes
  1295 | D:2      | Reached skill level 4 in Armour
  1305 | D:2      | Reached XP level 3. HP: 32/32 MP: 3/3
  1530 | D:3      | Found Wolaann's Distillery.
  1535 | D:3      | Bought a potion of curing for 30 gold pieces
  1535 | D:3      | Bought a potion of heal wounds for 50 gold pieces
  1638 | D:3      | Noticed Robin
  1639 | D:3      | Reached skill level 3 in Fighting
  1668 | D:3      | Killed Robin
  1784 | D:3      | Reached XP level 4. HP: 40/40 MP: 4/4
  2079 | D:3      | Found Tason's General Store.
  2090 | D:3      | Bought a scroll of enchant weapon for 97 gold pieces
  2403 | D:4      | Reached skill level 4 in Shields
  2429 | D:4      | Noticed Edmund
  2446 | D:4      | Killed Edmund
  2447 | D:4      | Reached skill level 3 in Axes
  2447 | D:4      | Reached XP level 5. HP: 14/48 MP: 5/5
  2615 | D:4      | Noticed Blork the orc
  2761 | D:4      | Noticed Grinder
  2770 | D:4      | HP: 9/48 [Grinder (4)]
  2775 | D:4      | HP: 6/48 [Grinder (1)]
  2775 | D:4      | HP: 1/48 [Grinder (5)]
  2776 | D:4      | Killed Grinder
  2777 | D:4      | Reached skill level 5 in Armour
  2777 | D:4      | Reached XP level 6. HP: 1/55 MP: 6/6
  3044 | D:4      | Found a hide-covered altar of Uskayaw.
  3092 | D:4      | Found Oqedodua's Assorted Antiques.
  3100 | D:4      | Bought a scroll labelled LAJ DOJUTROENKENK for 23 gold
                  | pieces
  3277 | D:4      | Reached skill level 4 in Axes
  3333 | D:4      | Killed Blork the orc
  3334 | D:4      | Reached skill level 4 in Fighting
  3335 | D:4      | Reached skill level 5 in Shields
  3335 | D:4      | Reached XP level 7. HP: 54/63 MP: 7/7
  3508 | D:5      | Entered Level 5 of the Dungeon
  3630 | D:5      | Found a staircase to the Ecumenical Temple.
  3645 | Temple   | Entered the Ecumenical Temple
  3652 | Temple   | Became a worshipper of Makhleb the Destroyer
  3861 | D:5      | Identified the +0 robe of the Hot Ocelot {rC+ Str+5 Stlth+}
  3912 | D:5      | Reached skill level 1 in Invocations
  3915 | D:5      | HP: 16/64 [ogre/+0 giant spiked club (25)]
  3919 | D:5      | Reached skill level 5 in Axes
  3919 | D:5      | Reached skill level 6 in Armour
  3919 | D:5      | Reached XP level 8. HP: 28/71 MP: 8/8
  4563 | D:6      | Reached skill level 2 in Invocations
  4628 | D:6      | Found Ywutecur's Gadget Gallery.
  4649 | D:6      | Reached skill level 6 in Shields
  4759 | D:6      | Reached * piety under Makhleb
  4760 | D:6      | Reached skill level 5 in Fighting
  4822 | D:6      | Found a basalt altar of Yredelemnul.
  5083 | D:7      | Reached skill level 6 in Axes
  5083 | D:7      | Reached skill level 3 in Invocations
  5142 | D:7      | Reached XP level 9. HP: 28/79 MP: 11/11
  5272 | D:7      | Reached skill level 7 in Armour
  5490 | D:7      | Noticed Joseph
  5514 | D:7      | HP: 19/79 [Joseph/+0 quarterstaff (7)]
  5521 | D:7      | Killed Joseph
  5932 | D:6      | HP: 19/79 [killer bee (4)]
  5936 | D:6      | HP: 9/79 [poisoned by a killer bee]
  5941 | D:6      | HP: 5/79 [poisoned by a killer bee]
  6255 | D:7      | Noticed Menkaure
  6266 | D:7      | HP: 18/80 [centaur/arrow (6)]
  6520 | D:6      | Reached skill level 4 in Invocations
  6751 | D:7      | Reached skill level 7 in Shields
  6755 | D:7      | Reached skill level 7 in Axes
  6885 | D:7      | Found Lusom's Jewellery Shop.
  6914 | D:7      | Killed Menkaure
  7352 | D:8      | Reached skill level 6 in Fighting
  7601 | D:8      | Gained mutation: You are somewhat resistant to further
                  | mutation. [potion of mutation]
  7679 | D:9      | HP: 20/80 [something (6)]
  7895 | D:9      | Killed an unseen horror
  8035 | D:9      | Found a staircase to the Lair.
  8050 | D:8      | Reached skill level 8 in Armour
  8232 | D:9      | Reached XP level 10. HP: 74/88 MP: 13/13
  8376 | D:9      | Found a sparkling altar of Nemelex Xobeh.
  8377 | D:9      | Found an opulent altar of Gozag.
  8513 | D:9      | Reached ** piety under Makhleb
  8852 | D:10     | Entered Level 10 of the Dungeon
  8906 | D:10     | Reached skill level 5 in Invocations
  9064 | D:3      | Bought a scroll of identify for 26 gold pieces
  9131 | D:4      | Bought a scroll of identify for 46 gold pieces
  9131 | D:4      | Bought a scroll of identify for 46 gold pieces
  9248 | D:9      | HP: 22/89 [something (8)]
  9255 | D:8      | HP: 9/89 [something (6)]
  9256 | D:8      | HP: 2/89 [something (7)]
  9380 | D:10     | Noticed a cyclops
  9389 | D:9      | Reached skill level 8 in Axes
  9702 | D:10     | Killed a cyclops
  9703 | D:10     | Reached skill level 8 in Shields
  9707 | D:10     | Noticed a sixfirhy
 10188 | D:10     | Reached skill level 9 in Armour
 10499 | D:10     | Noticed a sphinx
 10510 | D:10     | Killed a sphinx
 10511 | D:10     | Reached skill level 7 in Fighting
 10511 | D:10     | Reached skill level 6 in Invocations
 10511 | D:10     | Reached XP level 11. HP: 63/98 MP: 15/15
 10607 | D:10     | Found the +16 obsidian axe {drain, demonic, Mesm Drain Fly
                  | SInv}
 10683 | D:11     | Reached skill level 9 in Axes
 10721 | D:11     | Noticed hackum's ghost (journeyman FoFi)
 10776 | D:11     | Reached *** piety under Makhleb
 10919 | D:11     | Noticed a two-headed ogre
 10927 | D:11     | Killed a two-headed ogre
 10931 | D:11     | Paralysed by a hornet for 3 turns
 10936 | D:11     | Paralysed by a hornet for 3 turns
 10939 | D:11     | HP: 24/98 [poisoned by a hornet]
 10940 | D:11     | HP: 11/98 [poisoned by a hornet]
 10940 | D:11     | HP: 4/98 [hornet (7)]
 10941 | D:11     | Paralysed by a hornet for 1 turns
 10948 | D:11     | Reached skill level 9 in Shields
 11339 | D:11     | Found a runed translucent gate.
 11339 | D:11     | Found a runed translucent gate.
 11340 | D:11     | Found a runed translucent gate.
 11340 | D:11     | Noticed an ice dragon
 11414 | D:11     | Found a staircase to the Orcish Mines.
 11646 | Lair:1   | Entered Level 1 of the Lair of Beasts
 11657 | Lair:1   | Found a frozen archway.
 11670 | IceCv    | Entered an ice cave
 11705 | IceCv    | Reached skill level 10 in Armour
 11785 | IceCv    | Reached skill level 7 in Invocations
 11802 | IceCv    | Reached skill level 10 in Axes
 11876 | IceCv    | Noticed a death yak
 11876 | IceCv    | Noticed a death yak
 11876 | IceCv    | Noticed a death yak
 11880 | IceCv    | Killed a death yak
 11881 | IceCv    | Reached skill level 8 in Fighting
 11881 | IceCv    | Reached XP level 12. HP: 75/108 MP: 17/17
 11881 | IceCv    | Killed a death yak
 11883 | IceCv    | Killed a death yak
 11883 | IceCv    | Reached **** piety under Makhleb
 11964 | IceCv    | Noticed a frost giant
 11975 | IceCv    | Killed a frost giant
 11985 | IceCv    | Reached skill level 10 in Shields
 12055 | IceCv    | Identified the ring "Pytyf" {Ice rN+ Will+ Str+3 Dex-5}
 12174 | IceCv    | Reached skill level 11 in Armour
 12227 | IceCv    | Noticed a death yak
 12235 | IceCv    | Killed a death yak
 12236 | IceCv    | Reached skill level 8 in Invocations
 12315 | IceCv    | Identified 3 scrolls of acquirement
 12372 | Lair:1   | Acquired 863 gold pieces
 12375 | Lair:1   | Acquired the +11 chain mail of Leapfrog {rC+ Will++}
 12388 | Lair:1   | Acquired the +3 barding "Fytixuom" {Str+4}
 12420 | Lair:1   | Reached skill level 11 in Axes
 12942 | Lair:2   | Found a hole to the Spider Nest.
 12951 | Lair:2   | Reached ***** piety under Makhleb
 13029 | Lair:2   | Reached XP level 13. HP: 117/117 MP: 19/19
 13065 | Lair:2   | Reached skill level 9 in Fighting
 13524 | Lair:2   | Reached skill level 11 in Shields
 13538 | Lair:2   | Identified the ring of the City {Fire Int+3}
 13795 | Lair:3   | Reached skill level 12 in Armour
 13799 | Lair:3   | Reached skill level 9 in Invocations
 13801 | Lair:3   | Found a staircase to the Shoals.
 13835 | Lair:3   | Reached skill level 12 in Axes
 13869 | Lair:3   | Identified the +1 dagger of Ruceah {freeze, Str+2}
 14324 | Lair:4   | Noticed Nessos
 14330 | Lair:4   | Killed Nessos
 14623 | Lair:4   | Reached XP level 14. HP: 127/127 MP: 21/21
 14745 | Lair:4   | Noticed Rupert
 14754 | Lair:4   | Killed Rupert
 14864 | Lair:4   | Reached skill level 10 in Fighting
 15087 | Lair:5   | Entered Level 5 of the Lair of Beasts
 15133 | Lair:5   | Paralysed by a floating eye for 2 turns
 15135 | Lair:5   | Reached ****** piety under Makhleb
 15136 | Lair:5   | Reached skill level 13 in Armour
 15136 | Lair:5   | Reached skill level 10 in Invocations
 15148 | Lair:5   | Reached skill level 12 in Shields
 15177 | Lair:5   | Found a viscous altar of Jiyva.
 15185 | Lair:5   | Found a staircase to the Slime Pits.
 15280 | Lair:5   | Reached skill level 13 in Axes
 15574 | Lair:5   | Found the necklace of Bloodlust {Fury *Rage Will++ Int-3
                  | Slay+6}
 15613 | Lair:5   | Reached skill level 11 in Invocations
 16377 | Orc:1    | Entered Level 1 of the Orcish Mines
 16377 | Orc:1    | Noticed Sonja
 16386 | Orc:1    | Killed Sonja
 16664 | Orc:2    | Entered Level 2 of the Orcish Mines
 16858 | Orc:2    | Found a staircase to the Elven Halls.
 16896 | Orc:2    | Reached XP level 15. HP: 134/134 MP: 23/23
 16920 | Orc:2    | Found Cavaqaq's Antique Armour Emporium.
 16920 | Orc:2    | Found Guutal's Antique Armour Shoppe.
 16920 | Orc:2    | Found Otexzoph's Antique Weapon Shoppe.
 17047 | Orc:2    | Found Velut's Antique Weapon Emporium.
 17050 | Orc:2    | Bought shiny gold dragon scales for 2739 gold pieces
 17681 | D:12     | Identified the +2 cloak of Hepliaklqana's Fury {Slay+2}
 17866 | D:12     | You are sucked into a shaft and drop 3 floors!
 17866 | D:15     | Entered Level 15 of the Dungeon
 17933 | D:15     | HP: 26/136 [tengu warrior/+3 battleaxe (18)]
 18330 | D:15     | Found a portal to a secret trove of treasure.
 18562 | D:14     | Noticed Snorg
 18573 | D:14     | Killed Snorg
 18575 | D:14     | Reached skill level 14 in Armour
 18610 | D:14     | Noticed Jorgrun
 18615 | D:14     | Killed Jorgrun
 18616 | D:14     | Reached skill level 12 in Invocations
 18631 | D:14     | Reached skill level 11 in Fighting
 18773 | D:14     | Reached skill level 13 in Shields
 18788 | D:14     | Reached skill level 14 in Axes
 19104 | D:13     | Found a gate to the Vaults.
 20724 | D:15     | Found a staircase to the Depths.
 20724 | D:15     | Noticed a fire giant
 20731 | D:15     | Killed a fire giant
 20952 | D:15     | Reached XP level 16. HP: 65/147 MP: 25/25
 20954 | D:15     | Found the +8 frozen axe "Frostbite" {freeze, freezing
                  | cloud, *Noise Fly rC+}
 21304 | D:15     | Found a radiant altar of Vehumet.
 21689 | Spider:1 | Entered Level 1 of the Spider Nest
 21693 | Spider:1 | Reached skill level 13 in Invocations
 23760 | Spider:3 | Reached skill level 15 in Armour
 23855 | Spider:3 | Noticed Mlioglotl
 23856 | Spider:3 | Noticed a tentacled starspawn
 24105 | Spider:3 | Identified the +1 chain mail of Isut {rCorr Str-5 SInv}
 24168 | Spider:3 | Noticed Nikola
 24186 | Spider:3 | Killed Nikola
 24471 | Spider:3 | Found a runed translucent gate.
 24471 | Spider:3 | Found a runed translucent gate.
 24471 | Spider:3 | Found a runed translucent gate.
 24474 | Spider:3 | Noticed Toahuek's ghost (adept DjFE)
 24613 | Spider:3 | Reached skill level 14 in Shields
 24616 | Spider:3 | Reached skill level 15 in Axes
 24987 | Spider:3 | Noticed Arachne
 25002 | Spider:3 | Killed Arachne
 25003 | Spider:3 | Reached skill level 14 in Invocations
 25009 | Spider:3 | Killed Mlioglotl
 25423 | Spider:4 | Entered Level 4 of the Spider Nest
 25429 | Spider:4 | Reached skill level 12 in Fighting
 25440 | Spider:4 | Noticed Kirke
 25448 | Spider:4 | Killed Kirke
 25466 | Spider:4 | Noticed Louise
 25477 | Spider:4 | Killed Louise
 25494 | Spider:4 | Reached XP level 17. HP: 139/156 MP: 22/27
 25958 | Spider:4 | Noticed Bai Suzhen
 25970 | Spider:4 | Killed Bai Suzhen
 26161 | Spider:4 | Noticed Roxanne
 26180 | Spider:4 | Killed Roxanne
 26519 | Spider:4 | Identified the +0 hat of Gonuiho {rElec rCorr Str+2 Dex-3}
 26524 | Spider:4 | Got a gossamer rune of Zot
 26708 | Spider:4 | Reached skill level 16 in Armour
 26708 | Spider:4 | Reached skill level 15 in Invocations
 26708 | Spider:4 | Reached skill level 2 in Evocations
 26708 | Spider:4 | Reached XP level 18. HP: 166/166 MP: 29/29
 26708 | Spider:4 | Reached XP level 19. HP: 173/173 MP: 30/30
 26831 | Shoals:1 | Entered Level 1 of the Shoals
 26873 | Shoals:1 | Found a runed translucent door.
 26879 | Shoals:1 | Reached skill level 16 in Axes
 26893 | Shoals:1 | Found Dwufos's Desiderata Depot.
 27391 | Shoals:1 | Reached skill level 15 in Shields
 27405 | Shoals:1 | Reached skill level 3 in Evocations
 27777 | Shoals:1 | Identified the ring of the Hippo {rN+ rCorr Str+3 Dex+6}
 27903 | Shoals:2 | Found a runed translucent gate.
 27904 | Shoals:2 | Found a runed translucent gate.
 27907 | Shoals:2 | Found a runed translucent gate.
 28078 | Shoals:2 | Reached skill level 4 in Evocations
 28635 | Shoals:2 | Noticed Xeucuol's ghost (adept MiFi)
 28636 | Shoals:2 | Noticed Wusuin's ghost (adept MiBe)
 28636 | Shoals:2 | Noticed Tiucw's ghost (adept BaCj)
 28675 | Shoals:3 | Reached skill level 13 in Fighting
 28749 | Shoals:3 | Found Oduenkeu's Distillery.
 29334 | Shoals:3 | Noticed Donald
 29345 | Shoals:3 | Killed Donald
 29404 | Shoals:4 | Entered Level 4 of the Shoals
 29476 | Shoals:4 | Found a runed translucent door.
 29477 | Shoals:4 | Noticed Sphara's ghost (adept DsHW)
 29485 | Shoals:4 | Reached XP level 20. HP: 180/182 MP: 31/31
 29503 | Shoals:4 | Reached skill level 5 in Evocations
 29588 | Shoals:4 | Got a barnacled rune of Zot
 29954 | Shoals:4 | Reached skill level 17 in Armour
 30271 | Shoals:4 | Reached skill level 17 in Axes
 30621 | Shoals:4 | Killed Sphara's ghost
 30622 | Shoals:4 | Reached skill level 6 in Evocations
 30934 | Vaults:1 | Entered Level 1 of the Vaults
 31556 | Vaults:1 | Reached skill level 16 in Shields
 32092 | Vaults:1 | Reached skill level 7 in Evocations
 32503 | Vaults:1 | Reached skill level 14 in Fighting
 32531 | Vaults:1 | Found Cuuhir's Assorted Antiques.
 32538 | Vaults:1 | Bought a scroll of enchant weapon for 292 gold pieces
 32538 | Vaults:1 | Bought a scroll of enchant armour for 292 gold pieces
 32750 | Spider:3 | Killed Toahuek's ghost
 32751 | Spider:3 | Reached XP level 21. HP: 146/193 MP: 0/32
 33538 | Vaults:2 | Found a crumbling gateway.
 33550 | Desolati | Entered the Desolation of Salt
 33615 | Desolati | Reached skill level 18 in Armour
 33644 | Desolati | Got the Grimoire of Injury
 33647 | Desolati | Got Gojoepho's Lessons on Congregated Venin
 33740 | Desolati | Reached skill level 18 in Axes
 33795 | Desolati | Reached skill level 8 in Evocations
 34040 | Desolati | Identified the +3 broad axe "Quqawn" {antimagic, rPois
                  | Int+3}
 34109 | Desolati | Got Ruimn's Compilation of Percussion
 34463 | Desolati | Got Sif Muna's Parchment of Algor and Bad Luck
 34476 | Desolati | Identified the ring "Zozuack" {Drain EV+5 Str+6}
 34968 | Vaults:2 | Reached skill level 1 in Dodging
 35033 | Vaults:2 | Reached skill level 17 in Shields
 35041 | Vaults:2 | Reached skill level 9 in Evocations
 35683 | Vaults:2 | Reached skill level 19 in Armour
 35761 | Vaults:2 | Reached skill level 2 in Dodging
 36258 | Vaults:2 | Found a staircase to the Crypt.
 36258 | Vaults:2 | Found a basalt altar of Yredelemnul.
 36258 | Vaults:2 | Found an ancient bone altar of Kikubaaqudgha.
 36674 | Vaults:3 | Reached skill level 10 in Evocations
 36682 | Vaults:3 | Noticed Zenata
 36694 | Vaults:3 | Killed Zenata
 36695 | Vaults:3 | Reached XP level 22. HP: 189/203 MP: 0/33
 36860 | Vaults:3 | Identified the +9 morningstar of Deliec {venom, rC+ Will++
                  | rCorr Stlth-}
 36980 | Vaults:3 | Reached skill level 3 in Dodging
 37463 | Vaults:3 | Found Bariymm's Antique Armour Shoppe.
 37843 | Vaults:4 | Noticed Jory
 37858 | Vaults:4 | Killed Jory
 37912 | Vaults:4 | Reached skill level 19 in Axes
 37923 | Vaults:4 | Reached skill level 20 in Armour
 38084 | Vaults:4 | Identified the +5 short sword of the Final Moons {drain,
                  | rElec Int+5}
 38090 | Vaults:4 | Reached skill level 15 in Fighting
 38133 | Vaults:4 | Reached skill level 11 in Evocations
 38991 | Vaults:4 | Reached skill level 4 in Dodging
 39829 | Depths:1 | Entered Level 1 of the Depths
 39829 | Depths:1 | Found a one-way gateway to a ziggurat.
 39832 | Depths:1 | Found a runed translucent door.
 39832 | Depths:1 | Found a shimmering altar of Xom.
 39832 | Depths:1 | Noticed Flugkiller's ghost (adept DrWr)
 39887 | Depths:1 | Reached skill level 16 in Invocations
 39893 | Depths:1 | Reached skill level 18 in Shields
 39904 | Depths:1 | Reached skill level 12 in Evocations
 40074 | Depths:1 | Found a gateway to Hell.
 40231 | Depths:1 | Found the +8 Wrath of Trog {antimagic, *Rage Rampage}
 40236 | Depths:1 | Found Ustreczu's Antique Weapon Shoppe.
 40243 | Depths:1 | Found Voxuhoyf's Antique Weapon Emporium.
 40411 | Depths:1 | Found a blossoming altar of Fedhas.
 40702 | Depths:2 | Reached XP level 23. HP: 169/212 MP: 11/35
 40955 | Depths:2 | Reached skill level 21 in Armour
 41051 | Depths:2 | Noticed a caustic shrike
 41058 | Depths:2 | Killed a caustic shrike
 41144 | Depths:2 | Got Gasotou's Cyclopedia of Obstruction
 41174 | Depths:2 | Noticed a juggernaut
 41181 | Depths:2 | Killed a juggernaut
 41182 | Depths:2 | Reached skill level 5 in Dodging
 41289 | Depths:2 | Found a basalt altar of Yredelemnul.
 41674 | Depths:2 | Reached skill level 13 in Evocations
 42119 | Depths:2 | Found a one-way gate leading to the halls of Pandemonium.
 42306 | Depths:3 | Found a runed translucent door.
 42307 | Depths:3 | Noticed Sesmit's ghost (veteran DjCj)
 42600 | Depths:3 | Found a one-way gate to the infinite horrors of the Abyss.
 42611 | Depths:3 | Reached skill level 17 in Invocations
 42619 | Depths:3 | Reached skill level 20 in Axes
 43392 | Depths:4 | Entered Level 4 of the Depths
 43636 | Depths:4 | Reached skill level 22 in Armour
 43678 | Depths:4 | Paralysed by a floating eye for 4 turns
 43862 | Depths:4 | Reached skill level 6 in Dodging
 44078 | Depths:4 | Reached skill level 14 in Evocations
 44215 | Depths:4 | Reached XP level 24. HP: 217/224 MP: 20/35
 44305 | Depths:4 | Reached skill level 16 in Fighting
 44941 | Depths:4 | Found a gate to the Realm of Zot.
 45612 | Vaults:5 | Entered Level 5 of the Vaults
 45653 | Vaults:5 | Reached skill level 18 in Invocations
 45655 | Vaults:5 | Reached skill level 19 in Shields
 45707 | Vaults:5 | Reached skill level 15 in Evocations
 45738 | Vaults:5 | Noticed a dread lich
 45744 | Vaults:5 | Reached skill level 7 in Dodging
 45746 | Vaults:5 | Noticed Sojobo
 45751 | Vaults:5 | Paralysed by a dread lich for 4 turns
 45761 | Vaults:5 | Paralysed by a dread lich for 5 turns
 45763 | Vaults:5 | HP: 41/226 [vault guard/+0 bardiche (17)]
 45765 | Vaults:5 | HP: 16/226 [vault guard/+0 long sword (10)]
 45766 | Vaults:5 | HP: 3/226 [constriction (8)]
 45767 | Vaults:5 | Constricted to death by a tentacled monstrosity

Illustrated notes

Levels and vault maps discovered:
D:1:      ncdulo_wetmaze, layout_loops_ring, serial_shops, shop
D:2:      layout_basic, glass_columns_a, hangedman_decor_peaks_small
D:3:      layout_basic, serial_shops, nicolae_shop_advertising_works
          [nicolae_subvault_shop_adworks], shop, chequers_serial_rivers_large_a,
          serial_bayou_pond_b, grunt_ministairs_2, uniq_robin
D:4:      cheibrodos_thug_alley, layout_basic, nicolae_uskayaw_suspiria,
          serial_shops, nicolae_shop_overgrown_old_shop, uniq_grinder,
          uniq_edmund, uniq_blork_the_orc
D:5:      dreamdust_elfheim, layout_loops_ring, minmay_temple_entry_stoned_glass
D:6:      layout_rooms, lemuel_doored_altar, nicolae_shop_gadgets
D:7:      layout_cave_pools, serial_shops, nicolae_shop_trees, uniq_joseph,
          uniq_menkaure
D:8:      layout_basic
D:9:      layout_long_grid, grunt_temple_overflow_opulence, lair_entry_dummy
D:10:     minmay_polygon_palace, layout_rooms, minmay_misc_feat_enclosed,
          kennysheep_just_a_vault
D:11:     layout_loops_ring, david_orc_4, gammafunk_ghost_split,
          hangedman_stone_soup
D:12:     layout_cave_pools
D:13:     layout_small_grid, erik_vaults_2
D:14:     layout_loops_cross, kennysheep_flooded_box, uniq_snorg, uniq_jorgrun
D:15:     grunt_enter_depths_giant_problem, layout_loops_corners,
          nicolae_vehumet_radiance, enter_trove_0,
          hellmonk_guarded_unrand_frostbite
Temple:   nicolae_temple_no_exploring_needed
Lair:1:   layout_long_grid, portal_ice_cave_rime, beast_lair_carwin_2,
          lemuel_fruit_tree, grunt_megastairs_3, infiniplex_staircase_pool
Lair:2:   layout_hall_layers, nicolae_spider_entry_non_spiders,
          pdpol_lair_neglected_garden, minmay_lindwurm_lava
Lair:3:   layout_big_grid, minmay_shoals_entry_beasts, grunt_megastairs_1
Lair:4:   layout_regular_city, uniq_nessos, uniq_rupert
Lair:5:   due_jungle_book, layout_cave_pods, minmay_slime_entry_eyes,
          serial_bayou_shore_b, serial_bayou_shore_b, lemuel_fruit_fields,
          lemuel_fruit_fields, serial_bayou_shore_b, infiniplex_staircase_pool_2
Shoals:1: nicolae_shoals_island_circles, layout_shoals, nicolae_alphabet_shops,
          lightli_airlock
Shoals:2: layout_shoals, gammafunk_ghost_cemetery,
          nicolae_shoals_kraken_intersection
Shoals:3: layout_shoals, serial_shops, shop, uniq_donald
Shoals:4: shoals_end_hangedman, layout_shoals, gammafunk_ghost_grave
Spider:1: layout_cave_pods
Spider:2: layout_spider_delve
Spider:3: layout_chambers, gammafunk_ghost_split, uniq_mlioglotl, uniq_arachne,
          uniq_nikola
Spider:4: hellmonk_spider_rune_bug_friends, hangedman_spider_tarantella_strand,
          uniq_bai_suzhen, uniq_roxanne, uniq_kirke, uniq_louise
Orc:1:    layout_caves, serial_shops, nicolae_diamond_shop, uniq_sonja
Orc:2:    st_orc_mages, layout_caves
Vaults:1: nicolae_vaults_an_arrangement, ontoclasm_vaults_chip,
          nicolae_vaults_little_squares_5, vaults_dpeg_doors,
          nicolae_vaults_little_squares_3, nicolae_vaults_border_crossing,
          nicolae_vaults_alarming, ontoclasm_vaults_decontamination,
          hangedman_vaults_slice, nicolae_vaults_asterisk,
          ontoclasm_vaults_idyll, v_alt_pattern_2, ontoclasm_vaults_idyll,
          layout_vaults_quadrants, serial_shops, nicolae_shop_hallway_plus
Vaults:2: portal_desolation_entry_nicolae_slug, minmay_crypt_entry_necro_gods,
          nicolae_vaults_network_periphery, ontoclasm_vaults_shuriken,
          nicolae_vaults_little_squares_6, vaults_room_boxed, v_misc_17,
          nicolae_vaults_little_squares_2, vaults_mumra_hex, v_misc_9,
          ontoclasm_vaults_water_temple, vaults_dpeg_encased_lava,
          v_alt_pattern_2, v_alt_pattern_5, layout_vaults_maze_bifur
Vaults:3: dpeg_vaults_monster_box, hangedman_vaults_hard_town_square,
          v_alt_pattern_4, v_misc_29, layout_vaults_big_room, serial_shops,
          shop, uniq_zenata
Vaults:4: ontoclasm_vaults_fault, nicolae_vaults_big_ls, v_alt_pattern_3,
          ontoclasm_vaults_spin, nicolae_vaults_back_hallway,
          ontoclasm_vaults_shout, hangedman_vaults_trim, v_alt_pattern_4,
          vaults_room_pool, v_rooms_2, vaults_dpeg_hooks, hangedman_vaults_trim,
          vaults_room_stairs_pillars, v_pattern_1, nicolae_vaults_angled_halls,
          layout_vaults_omnibox, uniq_jory
Vaults:5: uniq_sojobo, uniq_saint_roka
Depths:1: layout_cross, enter_ziggurat_a, pf_coc_iceberg, ebering_ghost_xom,
          grunt_ministairs_2, fedhas_altar_4, minmay_shoptagon, firewood_loft,
          serial_bayou_shore_b
Depths:2: minmay_fractal_lines_corner, layout_cave_pools, hell_entry,
          grunt_pan_entry_in_and_out, nicolae_yredelemnul_corpse_copse
Depths:3: kennysheep_six_static_rooms, layout_small_grid, hell_entry,
          ebering_ghost_reflecting_pool, abyss_entry, pan_entry,
          infiniplex_staircase_zigzag_3
Depths:4: evilmike_zot_entry_hall, layout_gridlike, hell_entry,
          rand_demon_pan_entry_7

Skill      XL: |  1  2  3  4  5  6  7  8  9 10 11 12 13 14 15 16 17 18 19 20 21 22 23 24 |
---------------+-------------------------------------------------------------------------+-----
Axes           | 2 3 4 5 6 7 8 10 11 12 13 14 15 16 17 18 19 20 | 20.9
Armour         | 4 5 6 8 9 10 11 12 13 14 15 16 17 19 20 22 | 22.8
Fighting       | 3 4 5 6 7 8 9 10 11 12 13 14 15 16 | 16.4
Shields        | 4 5 6 7 8 9 10 11 12 13 14 15 16 17 18 19 | 19.2
Invocations    | 1 3 4 6 7 8 9 11 12 14 15 16 17 18 | 18.5
Evocations     | 2 4 7 10 12 14 15 | 15.3
Dodging        | 2 4 6 7 |  7.1

Action                     |  1- 3 |  4- 6 |  7- 9 | 10-12 | 13-15 | 16-18 | 19-21 | 22-24 || total
---------------------------+-------+-------+-------+-------+-------+-------+-------+-------++-------
  Melee: War axe           |    95 |   107 |   308 |   167 |       |       |       |       ||   677
         Tailslap          |     9 |    10 |    49 |    50 |    85 |    70 |   176 |   232 ||   681
         Broad axe         |       |       |       |   225 |   596 |   396 |   991 |  1034 ||  3242
 Invoke: Lesser Servant of |       |       |       |     1 |       |       |       |       ||     1
         Greater Servant o |       |       |       |       |       |       |       |     2 ||     2
  Evoke: Wand              |       |       |       |     2 |       |       |       |       ||     2
    Use: Potion            |     1 |     4 |     4 |     4 |       |     2 |     2 |     3 ||    20
         Scroll            |       |    11 |     7 |    11 |     4 |     5 |    11 |     3 ||    52
   Stab: Invisible         |       |       |     7 |       |       |       |       |       ||     7
         Paralysed         |       |       |       |     2 |       |       |       |       ||     2
         Distracted        |       |       |       |     3 |     5 |     5 |     9 |    13 ||    35
         Held in net/web   |       |       |       |       |       |     1 |       |       ||     1
 Armour: Scale mail        |    62 |       |       |       |       |       |       |       ||    62
         Chain mail        |     3 |    37 |       |    12 |   238 |       |       |       ||   290
         Skin              |     1 |       |       |       |       |       |       |       ||     1
         Ring mail         |       |    39 |   234 |   232 |       |       |       |       ||   505
         Gold dragon scale |       |       |       |       |   137 |   309 |   474 |   474 ||  1394
  Dodge: Dodged            |    41 |    36 |   132 |   116 |    43 |    33 |    71 |   206 ||   678
  Block: Buckler           |    24 |    26 |    85 |   168 |       |       |       |       ||   303
         Reflection        |       |       |       |     9 |    50 |     4 |    82 |    67 ||   212
         Tower shield      |       |       |       |   111 |   617 |   526 |  1047 |  1089 ||  3390

Table legend: (Time is in decaauts)
 A = Elapsed time spent in this place.
 B = Non-inter-level travel time spent in this place.
 C = Inter-level travel time spent in this place.
 D = Time resting spent in this place.
 E = Time spent auto-exploring this place.
 F = Levels seen in this place.
 G = Mean time per level.
                   A        B        C        D        E       F      G
               +--------+--------+--------+--------+--------+-----+--------+
         Total |  45900 |  41574 |   4326 |   3380 |  30685 |  42 | 1092.9 |
       Dungeon |  16620 |  14515 |   2105 |   2578 |   9525 |  15 | 1108.0 |
        Temple |     15 |     15 |      0 |      0 |      0 |   1 |   15.0 |
          Lair |   4339 |   3815 |    524 |      0 |   3029 |   5 |  867.8 |
        Shoals |   3912 |   3756 |    156 |     26 |   3028 |   4 |  978.0 |
   Spider Nest |   5633 |   5103 |    530 |    421 |   3817 |   4 | 1408.2 |
  Orcish Mines |   1219 |   1076 |    143 |     21 |    851 |   2 |  609.5 |
        Vaults |   6967 |   6250 |    717 |    144 |   5028 |   5 | 1393.4 |
        Depths |   5208 |   5061 |    147 |    190 |   3963 |   4 | 1302.0 |
      Ice Cave |    719 |    719 |      0 |      0 |    470 |   1 |  719.0 |
    Desolation |   1263 |   1263 |      0 |      0 |    974 |   1 | 1263.0 |
               +--------+--------+--------+--------+--------+-----+--------+

Top non-repeatable levels by time:
Spider:3: 2119 daAuts
Vaults:4: 2107 daAuts
Vaults:2: 1858 daAuts
     D:6: 1689 daAuts
Depths:4: 1663 daAuts
Vaults:1: 1658 daAuts
Depths:2: 1613 daAuts
    D:15: 1513 daAuts
     D:9: 1511 daAuts
Spider:4: 1403 daAuts
    D:10: 1311 daAuts
Shoals:4: 1290 daAuts
Desolation: 1263 daAuts
     D:4: 1256 daAuts
Vaults:3: 1227 daAuts

Table legend:
 A = Kills in this place as a percentage of kills in entire the game.
 B = Kills by you in this place as a percentage of kills by you in the entire game.
 C = Kills by friends in this place as a percentage of kills by friends in the entire game.
 D = Other kills in this place as a percentage of other kills in the entire game.
 E = Experience gained in this place as a percentage of experience gained in the entire game.
 F = Experience gained in this place divided by the number of levels of this place that you have seen.
                   A       B       C       D       E      F
               +-------+-------+-------+-------+-------+----------------------
         Total | 100.0 | 100.0 | 100.0 | 100.0 | 100.0 | 22357.6
       Dungeon |  18.9 |  20.8 |   6.5 |  33.3 |   6.9 | 4341.7
          Lair |  11.0 |  10.2 |  16.2 |   0.0 |   7.2 | 13609.8
        Shoals |   9.6 |   9.9 |   7.7 |   0.0 |  10.2 | 23928.2
   Spider Nest |  10.3 |   9.2 |  17.4 |   0.0 |  10.4 | 24515.5
  Orcish Mines |   4.4 |   3.9 |   7.3 |   0.0 |   1.0 | 4790.5
        Vaults |  23.0 |  23.2 |  21.9 |  33.3 |  33.8 | 63476.4
        Depths |  14.5 |  14.6 |  13.8 |  33.3 |  23.5 | 55151.2
      Ice Cave |   2.9 |   2.8 |   3.6 |   0.0 |   1.5 | 14379.0
    Desolation |   5.5 |   5.5 |   5.7 |   0.0 |   5.3 | 50124.0
               +-------+-------+-------+-------+-------+----------------------
